 Dungeon Crawl Stone Soup version 0.24.1-11-gbbbb2193e6 (webtiles) character file.

Game seed: 11789318912359296499, levelgen mode: deterministic

38 Peloso the Skirmisher (level 3, -2/29 HPs)
             Began as a Demonspawn Fighter on May 14, 2020.
             Slain by an orc wizard
             ... wielding a +0 dagger
              (3 damage)
             ... on level 4 of the Dungeon.
             The game lasted 00:02:33 (1004 turns).

Peloso the Skirmisher (Demonspawn Fighter)          Turns: 1004, Time: 00:02:34

Health: -2/29      AC:  9    Str: 17    XL:     3   Next: 25%
Magic:  3/3        EV:  7    Int:  9    God:
Gold:   18         SH:  9    Dex: 12    Spells: 2/2 levels left

rFire    . . .     SeeInvis .   a - +0 long sword
rCold    . . .     Gourm    .   c - +0 shield
rNeg     . . .     Faith    .   b - +0 scale mail
rPois    .         Spirit   .   (no helmet)
rElec    .         Reflect  .   (no cloak)
rCorr    .         Harm     .   i - +0 pair of gloves
MR       .....                  (no boots)
Stlth    ..........             (no amulet)
HPRegen  0.09/turn              (no ring)
MPRegen  0.08/turn              (no ring)

@: hasted, very quick
A: thin metallic scales 1
a: no special abilities


You were on level 4 of the Dungeon.
You were hungry.

You visited 1 branch of the dungeon, and saw 3 of its levels.

You collected 18 gold pieces.

Inventory:

Hand Weapons
 a - a +0 long sword (weapon)
Armour
 b - a +0 scale mail (worn)
 c - a +0 shield (worn)
 i - a +0 pair of gloves (worn)
Scrolls
 e - 3 scrolls of identify {unknown}
 g - a scroll of magic mapping {unknown}
 h - a scroll of fear {unknown}
Potions
 d - a potion of might
 m - a potion of lignification {unknown}
Comestibles
 f - 4 rations


   Skills:
 + Level 3.3 Fighting
 + Level 2.3 Long Blades
 + Level 3.1 Armour
 + Level 0.2 Dodging
 + Level 0.2 Stealth
 + Level 2.9 Shields


You had 2 spell levels left.
You didn't know any spells.
Your spell library was empty.

Dungeon Overview and Level Annotations

Branches:
Dungeon (2/15)

Altars:


Innate Abilities, Weirdness & Mutations

You are partially covered in thin metallic scales. (AC +2)


Message History

You block the orc's attack.
Unknown command.
You miss something. Something hits you.
* * * LOW HITPOINT WARNING * * *
You block the orc's attack. The orc hits you with a +0 club.
* * * LOW HITPOINT WARNING * * *
Something completely misses you.
Unknown command.
You barely miss the orc.
You hear some strange, mumbled words.
A puff of flame appears from out of thin air!
The puff of flame hits you.
* * * LOW HITPOINT WARNING * * *
The orc hits you but does no damage. The orc closely misses you.
You riposte.
You hit the orc.
The orc is severely wounded.
You hit the orc.
You kill the orc!
Something hits you.
You die...

.....# #+#### #....#
#....##########....#
#..................#
#..................#
#..................#
#..................#
#.....o{)..........#
#....##@.....##....#
#....##########....#
#.....# #.....#
#.....#......#.....#
#.^.†.#......#.....#
#>....#......#.....+
#.....#......#.....#
#....##......##....#
#....##......##....#


You could see an orc.

Vanquished Creatures
  3 dart slugs
  3 orcs (D:4)
  4 giant cockroaches (D:1)
  A goblin (D:1)
  2 hobgoblins (D:1)
  3 jackals (D:4)
  5 kobolds
  A bat (D:1)
  3 frilled lizards
  2 rats (D:1)
27 creatures vanquished.

Notes
Turn   | Place    | Note
-------+----------+-------------------------------------------
     0 | D:1      | Peloso the Demonspawn Fighter began the quest for the Orb.
     0 | D:1      | Reached XP level 1. HP: 18/18 MP: 1/1
   138 | D:1      | Gained mutation: You are partially covered in thin metallic
                  | scales. (AC +2) [demonic ancestry]
   138 | D:1      | Reached XP level 2. HP: 24/24 MP: 2/2
   825 | D:2      | You fall into a shaft and drop 2 floors!
   862 | D:4      | Reached XP level 3. HP: 22/29 MP: 3/3
  1003 | D:4      | HP: 1/29 [something/puff of flame (4)]
  1004 | D:4      | Slain by an orc wizard

Levels and vault maps discovered:
D:1:      evilmike_arrival_plus, layout_basic
D:2:      layout_loops_ring, minmay_lizard_pond, uniq_jessica
D:4:      layout_gridville, minmay_temple_entry_slanted, serial_shops,
          nicolae_shop_crystal

Skill      XL: |  1  2 |
---------------+-------+-----
Armour         | 3 |  3.1
Long Blades    | 2 |  2.3
Fighting       | |  3.3
Dodging        | |  0.2
Stealth        | |  0.2
Shields        | |  2.9

Action                   || total
-------------------------++-------
Melee: Long sword        ||    99
  Use: Potion            ||     3
Armor: Scale mail        ||    62
Dodge: Dodged            ||    29
Block: Shield            ||    53
       Rpst.: Long sword ||     7
